 Dungeon Crawl Stone Soup version 0.29-a0-416-g83a48905f1 (webtiles) character file.

Game seed: 673997660674123273

13603 spaghetti the Nimble (level 11, -1/99 HPs)
             Began as a Deep Elf Berserker on May 17, 2022.
             Was a Follower of Trog.
             Succumbed to a black mamba's poison
             ... on level 2 of the Lair of Beasts.
             The game lasted 00:21:31 (14601 turns).

spaghetti the Nimble (Deep Elf Berserker)          Turns: 14601, Time: 00:21:31

Health: -1/99      AC: 27    Str: 16    XL:     11   Next: 77%
Magic:  13/13      EV:  9    Int: 17    God:    Trog [*.....]
Gold:   513        SH:  6    Dex: 16    Spells: 10/10 levels left

rFire   . . .      SeeInvis .   c - +7 short sword {short}
rCold   + + .      Faith    .   r - +0 buckler
rNeg    . . .      Spirit   .   z - +7 plate armour of Tenacity {Will+ Int+6}
rPois   +          Reflect  .   (no helmet)
rElec   .          Harm     .   y - +2 cloak {rPois}
rCorr   .          Rampage  .   E - +2 pair of gloves
Will    +++..                   (no boots)
Stlth   ..........              (no amulet)
HPRegen 0.26/turn               g - ring of protection from cold
MPRegen 0.13/turn               (no ring)

@: berserking (expiring), lethally poisoned (-1 -> -29), very quick
A: cold resistance 1, dopey 1, strong-willed 1
a: Renounce Religion, Berserk


You were on level 2 of the Lair of Beasts.
You worshipped Trog.
Trog was aware of your devotion.
You visited 2 branches of the dungeon, and saw 12 of its levels.

You collected 513 gold pieces.


Innate Abilities, Weirdness & Mutations

Your flesh is cold resistant. (rC+)
You are dopey. (Int -2)
You are strong-willed. (Will+)


   Skills:
 + Level 6.4 Fighting
 - Level 3.8 Short Blades
 + Level 8.6 Armour
 + Level 12.1 Dodging
 - Level 4.1 Stealth
 + Level 8.4 Shields


You had 10 spell levels left.
You didn't know any spells.
Your spell library contained the following spells:

 Spells                   Type           Power      Damage    Failure   Level
 Foxfire                  Conj/Fire      0%         2x1d4     100%        1
 Ensorcelled Hibernation  Hex/Ice        0%         N/A       100%        2
 Conjure Flame            Conj/Fire      0%         6-21      100%        3
 Inner Flame              Hex/Fire       0%         N/A       100%        3
 Portal Projectile        Hex/Tloc       0%         N/A       100%        3
 Spider Form              Tmut/Pois      0%         N/A       100%        3
 Anguish                  Hex/Necr       0%         N/A       100%        4
 Flame Wave               Conj/Fire      0%         2d4       100%        4
 Fulminant Prism          Conj/Hex       0%         3d6       100%        4
 Iskenderun's Mystic Bla  Conj/Tloc      0%         2d3       100%        4
 Blade Hands              Tmut           0%         N/A       100%        5
 Excruciating Wounds      Necr           0%         N/A       100%        5
 Lee's Rapid Deconstruct  Erth           0%         3d5*      100%        5

Inventory:

Hand Weapons
 c - a +7 short sword (weapon) {short}
   (You took it off a wight on level 4 of the Dungeon)
 F - a +0 dagger of flaming {short}
   (You took it off an orc wizard on level 8 of the Dungeon)
 G - a +0 dagger of distortion {!wshort}
   (You took it off an orc on level 8 of the Dungeon)
 H - a +0 spear of pain {forbiddenpolearm}
   (You found it on level 9 of the Dungeon)
Missiles
 f - a curare-tipped dart {=fthrowing}
 m - 13 poisoned darts {throwing}
 o - 403 stones (quivered) {throwing}
 u - 9 boomerangs {throwing}
Armour
 r - a +0 buckler (worn)
   (You found it on level 2 of the Dungeon)
 y - a +2 cloak of poison resistance (worn)
   (You took it off Maurice on level 8 of the Dungeon)
 z - the +7 plate armour of Tenacity (worn) {Will+ Int+6}
   (You found it on level 2 of the Dungeon)

   Int:       It affects your intelligence (+6).
   Will:      It increases your willpower.
 E - a +2 pair of gloves (worn)
   (You found it on level 3 of the Dungeon)
Magical Staves
 k - a staff of earth {forbidden!astaff}
   (You found it on level 1 of the Dungeon)
 v - a staff of death {forbidden!astaff}
   (You found it on level 2 of the Dungeon)
 D - a staff of poison {forbidden!astaff}
   (You found it on level 6 of the Dungeon)
 J - a staff of earth {forbidden!astaff}
   (You found it on level 9 of the Dungeon)
Jewellery
 g - a ring of protection from cold (left hand)
   (You found it on level 1 of the Dungeon)
 l - a ring of wizardry
   (You found it on level 8 of the Dungeon)
 n - a ring of resist corrosion
   (You found it on level 1 of the Dungeon)
 B - a ring of wizardry
   (You found it on level 2 of the Dungeon)
 I - a ring of flight
   (You found it on level 9 of the Dungeon)
Wands
 i - a wand of paralysis (12)
   (You found it on level 7 of the Dungeon)
 q - a wand of polymorph (20)
   (You found it on level 2 of the Dungeon)
 s - a wand of acid (13)
   (You found it on level 5 of the Dungeon)
 t - a wand of charming (4)
   (You found it on level 1 of the Lair of Beasts)
 C - a wand of digging (11)
   (You found it on level 6 of the Dungeon)
Scrolls
 a - a scroll of acquirement {unknown}
 b - a scroll of immolation {!r!r}
 e - a scroll of fog
 j - 4 scrolls of vulnerability {!r!r}
 x - 10 scrolls of teleportation {@r4}
 L - a scroll of amnesia
Potions
 d - 8 potions of curing {@q1}
 h - 2 potions of might
 p - 2 potions of haste {@q3}
 w - 2 potions of brilliance
 A - a potion of flight
 M - 2 potions of cancellation {unknown}

Dungeon Overview and Level Annotations

Branches:
Dungeon (10/15)            Temple (0/1) D:6            Lair (2/6) D:10
  Swamp: Lair:2-4    Shoals: Lair:2-4     Snake: Lair:2-4    Spider: Lair:2-4
    Orc: D:9-12

Altars:
Hepliaklqana
Ru
Trog

Shops:
D:7 ( D:9

: #...#.#..P..# #....#
#...#...##..# #.<..#
##..)...##..# ##....P
#...........# #......
#..##.###...# #######....P
##.##..##...###.##.#.....# #
#..#.....................
#.#..#.^#..................
....?...#.@................
.......##..................
.......#S..............>...
....((.....................
##...#.#...................
#......#).................
#.....##..................
..##....###..####.##.#...###.
.........##P)## .#P..#..# #.


You could see a black mamba.


Message History

You throw a stone {throwing}.
The stone {throwing} hits the cane toad.
You throw a stone {throwing}.
The stone {throwing} hits the cane toad but does no damage.
You throw a stone {throwing}.
The stone {throwing} hits the cane toad.
The cane toad stings you!
You are poisoned.
The cane toad poisons you! 😕 HP[-8]
You take 8 damage, and now have 57/65 hp.
Okay, then.
You puncture the cane toad!
You feel very sick.
You block the cane toad's attack. 😕 HP[-4]
You take 4 damage, and now have 53/65 hp.
You puncture the cane toad!
You feel very sick.
The cane toad stings you but does no damage. 😮 HP[-5]
You take 5 damage, and now have 48/65 hp.
You puncture the cane toad!
You feel very sick. The cane toad stings you! 😮 HP[-11]
You take 11 damage, and now have 37/65 hp.
You hit the cane toad.
You feel very sick.
The cane toad stings you but does no damage.
A black mamba comes into view. 😮 HP[-3]
You take 3 damage, and now have 34/65 hp.
You barely miss the cane toad.
You feel sick.
The cane toad closely misses you. 😨 HP[-2]
You take 2 damage, and now have 32/65 hp.
You fail to use your ability.
You feel sick.
You block the cane toad's attack. 😨 HP[-2]
You take 2 damage, and now have 30/65 hp.
Unknown command.
You hit the cane toad.
You feel sick. The cane toad barely misses you.
A red film seems to cover your vision as you go berserk!
You feel yourself moving faster!
You feel mighty!
You feel sick. The cane toad stings you.
* * * LOW HITPOINT WARNING * * *
The black mamba bites you but does no damage.
The cane toad stings you.
* * * LOW HITPOINT WARNING * * *
You are more poisoned.
The cane toad poisons you! 😨 HP[+3]
You now have 97 max hp (+32).
You regained 3 hp, and now have 33/97 hp.
Unknown command.
Unknown command.
You hit the cane toad.
You feel very sick.
You block the black mamba's attack. 😨 HP[-3]
You take 3 damage, and now have 30/97 hp.
You hit the cane toad.
You kill the cane toad!
Trog accepts your kill.
You feel very sick.
You block the black mamba's attack. 😨 HP[-2]
You now have 99 max hp (+2).
You puncture the black mamba!
You feel very sick. The black mamba bites you.
* * * LOW HITPOINT WARNING * * *
😱 HP[-6]
You take 6 damage, and now have 22/99 hp.
You puncture the black mamba!
You feel sick.
You block the black mamba's attack. 😱 HP[-2]
You take 2 damage, and now have 20/99 hp.
You barely miss the black mamba.
You feel sick.
You block the black mamba's attack. 😱 HP[-2]
You take 2 damage, and now have 18/99 hp.
You puncture the black mamba!
You feel sick. The black mamba bites you.
* * * LOW HITPOINT WARNING * * *
You are lethally poisoned!
The black mamba poisons you! 😱 HP[-6]
You take 6 damage, and now have 12/99 hp.
Unknown command.
* * * LOW HITPOINT WARNING * * *
You feel very sick. 😱 HP[-5]
You take 5 damage, and now have 7/99 hp.
You feel a strong urge to attack something.
* * * LOW HITPOINT WARNING * * *
You feel very sick. 😱 HP[-4]
You take 4 damage, and now have 3/99 hp.
You are too berserk!
You die...

Skill      XL: |  1  2  3  4  5  6  7  8  9 10 11 |
---------------+----------------------------------+-----
Stealth        | 2 3 4 |  4.1
Dodging        | 3 4 5 6 8 9 11 12 | 12.1
Shields        | 1 2 4 5 6 7 8 |  8.4
Armour         | 2 3 4 5 6 7 8 |  8.6
Fighting       | 3 5 6 |  6.4
Short Blades   | |  3.8

Action                   |  1- 3 |  4- 6 |  7- 9 | 10-12 || total
-------------------------+-------+-------+-------+-------++-------
Melee: Short sword       |    95 |   170 |   493 |   459 ||  1217
       Punch             |     3 |       |       |       ||     3
Throw: Dart              |     7 |       |       |     3 ||    10
       Stone             |     9 |     1 |   126 |    75 ||   211
Invok: Berserk           |     5 |     3 |    14 |    20 ||    42
       Trog's Hand       |       |     4 |     7 |     4 ||    15
Evoke: Wand              |       |       |       |     4 ||     4
  Use: Potion            |       |     4 |     3 |     3 ||    10
       Scroll            |       |       |    12 |     9 ||    21
 Stab: Sleeping          |     8 |       |       |       ||     8
       Invisible         |       |     7 |       |       ||     7
       Distracted        |       |       |       |     1 ||     1
Armor: Animal skin       |     8 |       |       |       ||     8
       Plate armour      |    31 |   115 |   336 |   318 ||   800
Dodge: Dodged            |    52 |    31 |   147 |   192 ||   422
Block: Buckler           |    10 |    24 |   148 |   157 ||   339

Levels and vault maps discovered:
D:1:      dpeg_arrival_rooms_b, layout_basic, shapermc_ecumenical_altar_ellora
D:2:      layout_loops_ring, basic_altar, minmay_tall_x
D:3:      layout_basic, grunt_ministairs_3
D:4:      layout_loops_ring, uniq_duvessa
D:5:      layout_loops_corners, mainiacjoe_overflow_catwalk_spiral
D:6:      layout_basic, minmay_temple_entry_antechambers, uniq_eustachio,
          uniq_prince_ribbit1, uniq_blork_the_orc
D:7:      layout_rooms, serial_shops, shop_statue
D:8:      layout_basic, uniq_maurice
D:9:      layout_irregular_city, serial_shops, kennysheep_mini,
          kennysheep_generic_room_5, uniq_joseph
D:10:     layout_loops_ring, lair_entry_dummy, serial_shops,
          nicolae_shop_statue_plus, worms_lemuel
Lair:1:   layout_hall_layers, serial_bayou_ford_a
Lair:2:   layout_gridlike, kennysheep_abandoned_house, serial_bayou_shore_b

Notes
Turn   | Place    | Note
-------+----------+-------------------------------------------
     0 | D:1      | spaghetti the Deep Elf Berserker began the quest for the
                  | Orb.
     0 | D:1      | Reached XP level 1. HP: 13/13 MP: 3/3
     0 | D:1      | magus.rc [v1.9.6]
    35 | D:1      | Reached skill level 1 in Stealth
   235 | D:1      | Reached skill level 2 in Stealth
   362 | D:1      | Reached XP level 2. HP: 18/18 MP: 4/4
   929 | D:1      | Found a faded altar of an unknown god.
   963 | D:1      | Reached skill level 3 in Stealth
  1271 | D:2      | Reached XP level 3. HP: 22/22 MP: 5/5
  1411 | D:2      | Reached skill level 4 in Stealth
  1413 | D:2      | You pick up a book of Flames {forbidden} and begin
                  | reading...
  1413 | D:2      | You add the spells Foxfire, Conjure Flame, Inner Flame and
                  | Flame Wave to your library.
  1467 | D:2      | Found a hazy altar of Hepliaklqana.
  1612 | D:2      | Identified the +7 plate armour of Tenacity {Will+ Int+6}
  2312 | D:3      | Reached ** piety under Trog
  2351 | D:3      | Reached skill level 3 in Dodging
  2351 | D:3      | Reached skill level 1 in Shields
  2351 | D:3      | Reached XP level 4. HP: 27/27 MP: 6/6
  2467 | D:3      | Reached skill level 2 in Armour
  3113 | D:4      | Reached XP level 5. HP: 31/31 MP: 7/7
  3226 | D:4      | Noticed an ogre
  3239 | D:4      | Killed an ogre
  3240 | D:4      | Reached skill level 4 in Dodging
  3240 | D:4      | Reached skill level 2 in Shields
  3290 | D:4      | Reached XP level 6. HP: 25/35 MP: 8/8
  3303 | D:4      | HP: 7/51 [wight/+0 antimagic scimitar (8)]
  3312 | D:4      | Gained mutation: Your spells are a little easier to cast,
                  | but a little less powerful. [potion of mutation]
  3312 | D:4      | Gained mutation: Your flesh is cold resistant. (rC+)
                  | [potion of mutation]
  3312 | D:4      | Gained mutation: You tend to lose your temper in combat.
                  | [potion of mutation]
  3312 | D:4      | Gained mutation: You are robust. (+10% HP) [potion of
                  | mutation]
  3316 | D:4      | Reached skill level 3 in Armour
  3340 | D:4      | Reached skill level 5 in Dodging
  3340 | D:4      | Reached XP level 7. HP: 39/44 MP: 9/9
  3480 | D:4      | Reached skill level 3 in Shields
  3724 | D:4      | Noticed Duvessa
  3726 | D:4      | Noticed Dowan
  4118 | D:4      | Killed Dowan
  4120 | D:4      | Killed Duvessa
  4121 | D:4      | Reached skill level 4 in Armour
  4475 | D:5      | Entered Level 5 of the Dungeon
  4517 | D:5      | You pick up a book of Weapons {forbidden} and begin
                  | reading...
  4517 | D:5      | You add the spells Portal Projectile, Excruciating Wounds
                  | and Blade Hands to your library.
  4563 | D:5      | Reached skill level 6 in Dodging
  4725 | D:5      | Found a bloodstained altar of Trog.
  4729 | D:5      | You pick up a book of Dreams {forbidden} and begin
                  | reading...
  4729 | D:5      | You add the spells Ensorcelled Hibernation, Spider Form and
                  | Anguish to your library.
  4904 | D:5      | Reached skill level 4 in Shields
  4904 | D:5      | Reached XP level 8. HP: 49/49 MP: 10/10
  5206 | D:5      | You pick up a book of Blasting {forbidden} and begin
                  | reading...
  5206 | D:5      | You add the spells Fulminant Prism, Iskenderun's Mystic
                  | Blast and Lee's Rapid Deconstruction to your library.
  5355 | D:5      | Reached skill level 7 in Dodging
  5441 | D:5      | Reached skill level 5 in Armour
  5458 | D:5      | Reached skill level 5 in Shields
  5474 | D:5      | Reached skill level 8 in Dodging
  5488 | D:5      | Reached XP level 9. HP: 31/53 MP: 11/11
  5858 | D:5      | Found a sacrificial altar of Ru.
  6323 | D:6      | Found a staircase to the Ecumenical Temple.
  6411 | D:6      | Reached skill level 6 in Armour
  6627 | D:6      | Noticed Eustachio
  6640 | D:6      | Killed Eustachio
  7007 | D:6      | Reached skill level 9 in Dodging
  7028 | D:6      | Noticed Blork the orc
  7038 | D:6      | Killed Blork the orc
  7039 | D:6      | Reached skill level 6 in Shields
  7117 | D:6      | Noticed Prince Ribbit
  7129 | D:6      | Killed Prince Ribbit
  7676 | D:7      | Reached skill level 3 in Fighting
  8017 | D:7      | Found Tyal's Weapon Shoppe.
  8091 | D:6      | HP: 13/55 [poisoned by a kobold brigand (curare-tipped
                  | dart)]
  8096 | D:6      | HP: 13/55 [poisoned by a kobold brigand (curare-tipped
                  | dart)]
  8471 | D:6      | HP: 12/56 [yak (7)]
  8479 | D:6      | HP: 20/84 [yak (6)]
  8806 | D:7      | Reached XP level 10. HP: 61/61 MP: 12/12
  9003 | D:8      | Noticed Maurice
  9032 | D:8      | Killed Maurice
  9146 | D:8      | Reached skill level 10 in Dodging
  9159 | D:8      | Reached skill level 4 in Fighting
  9159 | D:8      | Reached skill level 7 in Armour
  9262 | D:8      | Noticed a two-headed ogre
  9299 | D:8      | Killed a two-headed ogre
  9300 | D:8      | Reached skill level 7 in Shields
  9670 | D:8      | Lost mutation: Your spells are a little easier to cast, but
                  | a little less powerful. [potion of mutation]
  9670 | D:8      | Lost mutation: You are robust. (+10% HP) [potion of
                  | mutation]
  9670 | D:8      | Gained mutation: You are agile. (Dex +2) [potion of
                  | mutation]
  9670 | D:8      | Gained mutation: You are partially covered in iridescent
                  | scales. (AC +2) [potion of mutation]
  9671 | D:8      | Lost mutation: You are partially covered in iridescent
                  | scales. (AC +2) [potion of mutation]
  9671 | D:8      | Lost mutation: You tend to lose your temper in combat.
                  | [potion of mutation]
  9671 | D:8      | Lost mutation: You are agile. (Dex +2) [potion of mutation]
  9671 | D:8      | Gained mutation: You are dopey. (Int -2) [potion of
                  | mutation]
  9902 | D:8      | Noticed a two-headed ogre
  9912 | D:8      | HP: 13/87 [two-headed ogre/+0 giant club (13)]
  9915 | D:8      | Killed a two-headed ogre
 10284 | D:9      | Reached skill level 5 in Fighting
 10455 | D:9      | Noticed Joseph
 10479 | D:9      | Killed Joseph
 10484 | D:9      | Reached skill level 11 in Dodging
 10781 | D:9      | Reached XP level 11. HP: 63/63 MP: 13/13
 10946 | D:9      | Found Facey's Book Shoppe.
 11123 | D:9      | Noticed a sun demon
 11127 | D:9      | Gained mutation: You are strong-willed. (Will+) [a neqoxec]
 11132 | D:9      | HP: 11/96 [sun demon[a kobold demonologist] (19)]
 11563 | D:10     | Entered Level 10 of the Dungeon
 11594 | D:10     | Found a staircase to the Lair.
 11646 | Lair:1   | Entered Level 1 of the Lair of Beasts
 11706 | Lair:1   | Reached skill level 8 in Armour
 11715 | Lair:1   | HP: 6/64 [yak (12)]
 12083 | Lair:1   | HP: 16/64 [polar bear (2)]
 12116 | Lair:1   | HP: 15/64 [polar bear (2)]
 12121 | Lair:1   | Reached skill level 8 in Shields
 12989 | Lair:1   | Reached skill level 6 in Fighting
 13743 | Lair:1   | HP: 14/64 [poisoned by a cane toad]
 14211 | Lair:2   | Reached skill level 12 in Dodging
 14595 | Lair:2   | HP: 22/99 [black mamba (3)]
 14599 | Lair:2   | HP: 7/99 [poisoned by a black mamba]
 14600 | Lair:2   | HP: 3/99 [poisoned by a black mamba]
 14601 | Lair:2   | Succumbed to a black mamba's poison

Vanquished Creatures
  2 two-headed ogres (D:8)
  Joseph (D:9)
  Maurice (D:8)
  6 cane toads
  2 komodo dragons (Lair:1)
  A kobold demonologist (D:9)
  A polar bear (Lair:1)
  Prince Ribbit (D:6)
  A wraith (D:8)
  2 shadows
  Eustachio (D:6)
  33 yaks
  A steam dragon (D:9)
  Duvessa (D:4)
  2 water moccasins (Lair:2)
  2 orc warriors
  An ice beast (D:6)
  2 black bears (D:5)
  An ogre (D:4)
  3 wolves (Lair:1)
  2 centaurs (D:9)
  A phantom (D:4)
  6 bullfrogs
  A kobold brigand (D:6)
  Blork the orc (D:6)
  A gnoll sergeant (D:6)
  A necrophage (D:5)
  2 scorpions
  5 wights (D:4)
  Dowan (D:4)
  2 howler monkeys
  An electric eel (Lair:1)
  2 hounds
  2 jellies (D:6)
  2 orc priests
  5 iguanas
  3 orc wizards
  9 gnolls
  6 adders
  A white imp (D:5)
  2 ufetubi
  A worm (D:2)
  3 dart slugs
  34 orcs
  7 ball pythons
  10 endoplasms
  2 giant cockroaches
  5 hobgoblins
  2 jackals (D:4)
  7 kobolds
  5 quokkas
  A bat (D:2)
  5 frilled lizards
  5 goblins
  4 rats
212 creatures vanquished.

Vanquished Creatures (collateral kills)
  2 yaks (Lair:1)
  A gnoll shaman (D:7)
  A gnoll (D:7)
  A white imp (D:7)
5 creatures vanquished.

Vanquished Creatures (others)
  2 plants
2 creatures vanquished.

Grand Total: 219 creatures vanquished

Table legend:
 A = Non-vault XP
 B = Vault XP
 C = Vault XP percentage of total XP
 D = Non-vault monster count
 E = Vault monster count
 F = Vault count percentage of total count
                 A         B        C        D         E       F
            +---------+---------+-------+---------+---------+-------
      Total |   17805 |    1628 |   8.4 |     204 |      13 |   6.0
            +---------+---------+-------+---------+---------+-------
        D:1 |      29 |       0 |   0.0 |      18 |       0 |   0.0
        D:2 |      42 |      10 |  19.2 |      15 |       4 |  21.1
        D:3 |      59 |       4 |   6.3 |      10 |       2 |  16.7
        D:4 |     789 |     227 |  22.3 |      33 |       2 |   5.7
        D:5 |    1956 |       0 |   0.0 |      20 |       0 |   0.0
        D:6 |    1161 |     588 |  33.6 |      19 |       3 |  13.6
        D:7 |    1021 |       0 |   0.0 |      27 |       0 |   0.0
        D:8 |    3070 |     415 |  11.9 |      18 |       1 |   5.3
        D:9 |    2531 |     384 |  13.2 |      13 |       1 |   7.1
     Lair:1 |    4376 |       0 |   0.0 |      20 |       0 |   0.0
     Lair:2 |    2771 |       0 |   0.0 |      11 |       0 |   0.0
            +---------+---------+-------+---------+---------+-------

Illustrated notes

Table legend:
 A = Kills in this place as a percentage of kills in entire the game.
 B = Kills by you in this place as a percentage of kills by you in the entire game.
 C = Kills by friends in this place as a percentage of kills by friends in the entire game.
 D = Other kills in this place as a percentage of other kills in the entire game.
 E = Experience gained in this place as a percentage of experience gained in the entire game.
 F = Experience gained in this place divided by the number of levels of this place that you have seen.
                   A       B       C       D       E      F
               +-------+-------+-------+-------+-------+----------------------
         Total | 100.0 | 100.0 | 100.0 |   N/A | 100.0 | 1619.4
       Dungeon |  85.7 |  86.3 |  60.0 |   N/A |  63.2 | 1228.6
          Lair |  14.3 |  13.7 |  40.0 |   N/A |  36.8 | 3573.5
               +-------+-------+-------+-------+-------+----------------------

Table legend: (Time is in decaauts)
 A = Elapsed time spent in this place.
 B = Non-inter-level travel time spent in this place.
 C = Inter-level travel time spent in this place.
 D = Time resting spent in this place.
 E = Time spent auto-exploring this place.
 F = Levels seen in this place.
 G = Mean time per level.
                   A        B        C        D        E       F      G
               +--------+--------+--------+--------+--------+-----+--------+
         Total |  15005 |  14549 |    456 |   2434 |   9898 |  12 | 1250.4 |
       Dungeon |  11980 |  11567 |    413 |   1581 |   8137 |  10 | 1198.0 |
          Lair |   3024 |   2982 |     42 |    853 |   1761 |   2 | 1512.0 |
               +--------+--------+--------+--------+--------+-----+--------+

Top non-repeatable levels by time:
  Lair:1: 2563 daAuts
     D:6: 2242 daAuts
     D:5: 1628 daAuts
     D:8: 1363 daAuts
     D:4: 1348 daAuts
     D:9: 1342 daAuts
     D:1: 1279 daAuts
     D:2: 1046 daAuts
     D:3: 884 daAuts
     D:7: 761 daAuts
  Lair:2: 461 daAuts
    D:10: 82 daAuts
